 Dungeon Crawl Stone Soup version 0.23.0-3-gf3c87f2 (webtiles) character file.

Game seed: 15546071956244359308

43 Scud the Sneak (level 3, -1/17 HPs)
             Began as a Vine Stalker Enchanter on Feb 22, 2019.
             Slain by a worm (7 damage)
             ... on level 2 of the Dungeon.
             The game lasted 00:05:27 (1435 turns).

Scud the Sneak (Vine Stalker Enchanter)             Turns: 1435, Time: 00:05:27

Health: -1/17      AC:  3    Str: 10    XL:     3   Next: 58%
Magic:  0/7        EV: 12    Int: 15    God:
Gold:   32         SH:  0    Dex: 15    Spells: 2/6 levels left

rFire    . . .     SeeInvis .   g - +3 dagger
rCold    . . .     Gourm    .   (no shield)
rNeg     . . .     Faith    .   h - +0 leather armour
rPois    .         Spirit   +   (no helmet)
rElec    .         Reflect  .   (no cloak)
rCorr    .         Harm     .   (no gloves)
MR       .....                  (no boots)
Stlth    ++........             (no amulet)
HPRegen  0.05/turn              (no ring)
MPRegen  0.10/turn              (no ring)

@: no status effects
A: fangs 2, magic shield, antimagic bite, no potion heal 3, rot immunity
a: no special abilities


You were on level 2 of the Dungeon.
You were not hungry.

You visited 1 branch of the dungeon, and saw 2 of its levels.

You collected 32 gold pieces.

Inventory:

Hand Weapons
 c - a +3 short sword
 g - a +3 dagger (weapon)
Armour
 b - a +0 robe
 h - a +0 leather armour (worn)
Potions
 e - 2 potions of berserk rage {unknown}
Comestibles
 d - 4 rations
 f - a chunk of flesh


   Skills:
 + Level 0.7 Fighting
 + Level 1.4 Short Blades
 + Level 2.0 Dodging
 + Level 4.2 Stealth
 + Level 2.2 Spellcasting
 + Level 3.3 Hexes


You had 2 spell levels left.
You knew the following spells:

 Your Spells              Type           Power        Failure   Level  Hunger
a - Corona                Hex            ##.....      8%          1    #......
b - Confuse               Hex            ##......     22%         3    ###....

Your spell library contained the following spells:

 Spells                   Type           Power        Failure   Level  Hunger
 Ensorcelled Hibernation  Hex/Ice        #.....       22%         2    ###....
 Tukima's Dance           Hex            ##......     22%         3    ###....
 Dazzling Spray           Conj/Hex       #.....       41%         3    ###....


Dungeon Overview and Level Annotations

Branches:
Dungeon (2/15)

Altars:


Innate Abilities, Weirdness & Mutations

You have extremely sharp teeth.
When hurt, damage is shared between your health and your magic reserves.
Your bite disrupts and absorbs the magic of your enemies.
Potions cannot restore your health.
You are immune to rotting.


Message History

A worm comes into view.
A worm is nearby!
A worm is nearby!
You see here a helmet.
Found a club.
Casting: Confuse (safe; 22% risk of failure)
Confirm with . or Enter, or press ? or * to list all spells.
Aiming: Confuse (safe; 22% risk of failure)
Press: ? - help, Shift-Dir - straight line, f - worm
Aim: a worm (hasn't noticed you, chance to defeat MR: 50%)
The worm appears confused.
The worm bites you!
You see here a robe.
You puncture the worm! You bite the worm. You drain its power.
You feel invigorated.
The worm is heavily wounded.
You barely miss the worm.
The worm is heavily wounded.
The worm bites you!
You die...

.......# ...##...######
# ##. .....(..÷.)..# #
.. ...##.#)#.##.# # #..
#..##.#.#.##.# # #..
........#.##.# # #...
........#.##.# #
#...####.....#÷##.# #
#....@w........##.####
....###[##.###..........
# #.....[...###.####
#.##.##.....#.#
..###.##.###.#.# #.#
...!.# .<.# #. )###..#
### . .. #... . ## #.##


You could see a worm (confused).

Vanquished Creatures
  An ooze (D:1)
  A worm (D:2)
  5 bats
  A giant cockroach (D:1)
  5 goblins
  8 hobgoblins
  3 jackals (D:2)
  A ball python (D:1)
  4 kobolds (D:1)
  A rat (D:1)
30 creatures vanquished.

Notes
Turn   | Place    | Note
-------+----------+-------------------------------------------
     0 | D:1      | Scud the Vine Stalker Enchanter began the quest for the
                  | Orb.
     0 | D:1      | Reached XP level 1. HP: 9/9 MP: 4/4
   382 | D:1      | Reached XP level 2. HP: 14/14 MP: 6/6
   398 | D:1      | Reached skill level 1 in Short Blades
   444 | D:1      | Reached skill level 4 in Stealth
   605 | D:1      | Reached XP level 3. HP: 6/17 MP: 5/7
   636 | D:1      | Learned a level 3 spell: Confuse
  1435 | D:2      | Slain by a worm

Skill      XL: |  1  2  3 |
---------------+----------+-----
Short Blades   | 1 |  1.4
Stealth        | 4 |  4.2
Dodging        | 2 |  2.0
Fighting       | |  0.7
Spellcasting   | |  2.2
Hexes          | |  3.3

Action                   || total
-------------------------++-------
Melee: Dagger            ||    18
       Short sword       ||    76
       Bite              ||    25
 Cast: Confuse           ||     2
  Use: Scroll            ||     2
       Potion            ||     1
 Stab: Sleeping          ||     7
  Eat: Ration            ||     1
Armor: Robe              ||    27
       Leather armour    ||     4
Dodge: Dodged            ||    69
